[ PARTIDA AOE2 · #495684681 ]
UnrankedEslavos vs Mongols
Equipo del jugador · VICT
Equipo rival · DERR
[ ANÁLISIS DE REPETICIÓN · EXTRAÍDO DE LA PARTIDA GRABADA ]
Feudal
11:00
Castillos
24:29
Imperial
39:46
| APM promedio | 43.7 |
| APM pico | 88 |
| eAPM promedio | 27.6 |
| Aldeanos / militares | 157 / 98 |
Foco
⚔️ 30.1% · 🌾 69.9%
Boyar ×53 · Militia ×23 · Skirmisher ×7 · Monk ×4 · Scorpion ×4 · Trebuchet (Packed) ×4
Feudal
8:08
Castillos
24:42
Imperial
41:59
| APM promedio | 82.6 |
| APM pico | 160 |
| eAPM promedio | 33.1 |
| Aldeanos / militares | 141 / 142 |
Foco
⚔️ 61.6% · 🌾 38.4%
Cavalry Archer ×86 · Archer ×22 · Scout Cavalry ×19 · Skirmisher ×11 · Mangonel ×4
Mapa de la partida
Recursos iniciales + cada clic de construcción. Líneas = muros · curvas = relieve. ◆ oro · ⬟ piedra · ● bayas · ✦ reliquia · ◌ hueco del cierre
Tu base· ✓ Cerrada en 24:29 · 57t muro · 1 puerta(s)
Base de LucasTrotacielos· Abierta — el rival se encerró
Terreno inicial suavizado · ◌ = hueco del cierre detectado · pasá el cursor para detalles
Inputs por minuto
— Lorenz - - LucasTrotacielos
Build order — Lorenz
Primeras 150 de 500 acciones detectadas
| 0:00 | Crear | Villager (Male) |
| 0:00 | Crear | Villager (Male) |
| 0:01 | Construir | House |
| 0:02 | Construir | House |
| 0:09 | Crear | Villager (Male) |
| 0:14 | Crear | Villager (Male) |
| 1:30 | Crear | Villager (Male) |
| 1:46 | Construir | Lumber Camp |
| 1:59 | Crear | Villager (Male) |
| 2:13 | Crear | Villager (Male) |
| 2:46 | Crear | Villager (Male) |
| 3:05 | Crear | Villager (Male) |
| 3:40 | Crear | Villager (Male) |
| 3:48 | Construir | House |
| 4:00 | Crear | Villager (Male) |
| 4:00 | Crear | Villager (Male) |
| 4:31 | Crear | Villager (Male) |
| 4:44 | Crear | Villager (Male) |
| 4:50 | Crear | Villager (Male) |
| 5:08 | Construir | Barracks |
| 5:38 | Crear | Villager (Male) |
| 5:56 | Crear | Villager (Male) |
| 5:58 | Investigar | Loom |
| 6:00 | Crear | Villager (Male) |
| 6:08 | Investigar | Loom |
| 6:14 | Crear | Villager (Male) |
| 6:27 | Construir | Mill |
| 7:03 | Crear | Villager (Male) |
| 7:07 | Construir | Mining Camp |
| 7:33 | Crear | Villager (Male) |
| 7:50 | Construir | Mill |
| 8:00 | Crear | Villager (Male) |
| 8:13 | Investigar | Loom |
| 8:40 | Investigar | Feudal Age |
| 8:49 | Construir | House |
| 8:53 | Crear | Militia |
| 9:12 | Crear | Militia |
| 9:22 | Construir | Palisade Wall |
| 9:24 | Construir | Palisade Wall |
| 9:30 | Crear | Militia |
| 9:47 | Crear | Militia |
| 10:02 | Construir | Palisade Wall |
| 10:11 | Construir | Palisade Wall |
| 10:14 | Construir | Palisade Wall |
| 10:23 | Crear | Villager (Male) |
| 10:29 | Construir | Palisade Wall |
| 10:40 | Construir | House |
| 10:41 | Construir | Palisade Wall |
| 11:00 | Edad | Edad Feudal |
| 11:00 | Construir | House |
| 11:02 | Investigar | Man-at-Arms (upgrade) |
| 11:02 | Investigar | Man-at-Arms (upgrade) |
| 11:03 | Investigar | Double-Bit Axe |
| 11:23 | Crear | Spearman |
| 11:27 | Construir | Palisade Wall |
| 11:34 | Crear | Spearman |
| 11:36 | Crear | Villager (Male) |
| 11:42 | Construir | Palisade Wall |
| 11:51 | Construir | Palisade Wall |
| 11:58 | Construir | Palisade Wall |
| 12:02 | Construir | Palisade Wall |
| 12:12 | Crear | Villager (Male) |
| 12:38 | Construir | Farm |
| 12:40 | Construir | Farm |
| 12:41 | Construir | Farm |
| 12:42 | Construir | Farm |
| 12:44 | Crear | Villager (Male) |
| 12:47 | Construir | Farm |
| 13:29 | Crear | Villager (Male) |
| 13:43 | Crear | Villager (Male) |
| 14:00 | Construir | Farm |
| 14:01 | Construir | Archery Range |
| 14:09 | Crear | Villager (Male) |
| 14:14 | Construir | Farm |
| 14:28 | Crear | Villager (Male) |
| 14:30 | Construir | Lumber Camp |
| 14:40 | Construir | Farm |
| 14:48 | Construir | Farm |
| 14:50 | Crear | Villager (Male) |
| 14:55 | Crear | Skirmisher |
| 15:03 | Construir | Farm |
| 15:04 | Crear | Archer |
| 15:06 | Construir | Farm |
| 15:08 | Crear | Skirmisher |
| 15:21 | Construir | Palisade Gate |
| 15:27 | Crear | Skirmisher |
| 15:31 | Crear | Villager (Male) |
| 15:42 | Construir | Blacksmith |
| 15:43 | Construir | House |
| 15:44 | Construir | House |
| 15:55 | Crear | Villager (Male) |
| 16:00 | Construir | Farm |
| 16:14 | Crear | Skirmisher |
| 16:21 | Crear | Villager (Male) |
| 16:23 | Construir | Farm |
| 16:41 | Investigar | Horse Collar |
| 16:46 | Crear | Villager (Male) |
| 16:50 | Investigar | Scale Mail Armor |
| 16:56 | Investigar | Fletching |
| 16:56 | Crear | Villager (Male) |
| 16:59 | Construir | Farm |
| 17:01 | Construir | House |
| 17:15 | Crear | Skirmisher |
| 17:17 | Construir | House |
| 17:28 | Crear | Villager (Male) |
| 17:29 | Crear | Militia |
| 17:33 | Crear | Skirmisher |
| 17:33 | Crear | Villager (Male) |
| 17:53 | Construir | Farm |
| 17:57 | Construir | Lumber Camp |
| 17:59 | Crear | Villager (Male) |
| 18:12 | Crear | Militia |
| 18:12 | Crear | Militia |
| 18:24 | Crear | Villager (Male) |
| 18:25 | Construir | House |
| 18:35 | Investigar | Scale Mail Armor |
| 18:40 | Crear | Skirmisher |
| 18:47 | Construir | Farm |
| 19:07 | Crear | Villager (Male) |
| 19:10 | Construir | Farm |
| 19:13 | Construir | Mill |
| 19:13 | Construir | Farm |
| 19:13 | Construir | Farm |
| 19:14 | Construir | Farm |
| 19:14 | Construir | Farm |
| 19:33 | Crear | Villager (Male) |
| 20:04 | Investigar | Forging |
| 20:05 | Crear | Villager (Male) |
| 20:07 | Construir | Farm |
| 20:21 | Crear | Villager (Male) |
| 20:23 | Investigar | Wheelbarrow |
| 20:26 | Construir | House |
| 20:27 | Construir | Palisade Wall |
| 20:38 | Construir | Farm |
| 20:59 | Crear | Villager (Male) |
| 21:01 | Construir | Farm |
| 21:02 | Construir | Farm |
| 21:02 | Construir | Farm |
| 21:23 | Construir | Farm |
| 21:24 | Construir | Farm |
| 21:25 | Construir | Farm |
| 21:36 | Investigar | Castle Age |
| 21:43 | Crear | Militia |
| 22:06 | Crear | Militia |
| 22:20 | Crear | Militia |
| 22:23 | Construir | Barracks |
| 22:28 | Investigar | Gold Mining |
| 22:35 | Crear | Militia |
| 22:41 | Construir | Lumber Camp |
| 22:54 | Crear | Militia |
Build order — LucasTrotacielos
Primeras 150 de 422 acciones detectadas
| 0:00 | Crear | Villager (Male) ×4 |
| 0:01 | Construir | House |
| 0:02 | Construir | House |
| 1:33 | Crear | Villager (Male) |
| 1:50 | Crear | Villager (Male) |
| 2:24 | Crear | Villager (Male) |
| 2:36 | Construir | Mill |
| 2:39 | Construir | House |
| 2:55 | Crear | Villager (Male) |
| 3:01 | Crear | Villager (Male) |
| 3:08 | Crear | Villager (Male) |
| 3:37 | Crear | Villager (Male) |
| 4:10 | Crear | Villager (Male) |
| 4:47 | Construir | Lumber Camp |
| 5:02 | Crear | Villager (Male) |
| 5:13 | Crear | Villager (Male) |
| 5:33 | Investigar | Loom |
| 5:44 | Investigar | Feudal Age |
| 7:15 | Construir | Barracks |
| 7:29 | Construir | House |
| 7:53 | Crear | Villager (Male) |
| 8:08 | Edad | Edad Feudal |
| 8:10 | Construir | Stable |
| 8:28 | Crear | Villager (Male) |
| 8:31 | Construir | Palisade Wall |
| 8:37 | Construir | House |
| 8:38 | Crear | Villager (Male) |
| 8:49 | Crear | Villager (Male) |
| 8:52 | Investigar | Double-Bit Axe |
| 8:53 | Crear | Scout Cavalry |
| 9:00 | Crear | Villager (Male) |
| 9:09 | Construir | Palisade Wall |
| 9:18 | Crear | Villager (Male) |
| 9:30 | Crear | Scout Cavalry |
| 9:31 | Construir | Palisade Wall |
| 9:34 | Construir | Mill |
| 9:35 | Crear | Scout Cavalry |
| 9:41 | Crear | Villager (Male) |
| 9:42 | Crear | Scout Cavalry |
| 9:47 | Crear | Villager (Male) |
| 9:49 | Construir | Palisade Wall |
| 9:54 | Crear | Scout Cavalry |
| 9:58 | Construir | House |
| 9:59 | Construir | Palisade Wall |
| 10:04 | Construir | Palisade Wall |
| 10:17 | Crear | Villager (Male) |
| 10:25 | Crear | Villager (Male) |
| 10:26 | Construir | Farm |
| 10:28 | Construir | Palisade Wall |
| 10:37 | Construir | House |
| 10:46 | Crear | Scout Cavalry |
| 10:46 | Crear | Villager (Male) |
| 10:51 | Construir | Palisade Wall |
| 10:53 | Construir | House |
| 11:02 | Construir | Palisade Wall |
| 11:20 | Crear | Villager (Male) |
| 11:28 | Construir | House |
| 11:32 | Construir | Archery Range |
| 11:43 | Construir | Palisade Wall |
| 11:46 | Crear | Villager (Male) |
| 11:50 | Construir | Farm |
| 12:01 | Construir | House |
| 12:14 | Crear | Villager (Male) |
| 12:14 | Crear | Villager (Male) |
| 12:29 | Crear | Archer |
| 12:39 | Construir | Farm |
| 12:43 | Construir | House |
| 12:46 | Construir | House |
| 12:48 | Crear | Villager (Male) |
| 12:57 | Construir | Farm |
| 13:12 | Crear | Villager (Male) |
| 13:21 | Construir | House |
| 13:37 | Construir | Farm |
| 13:38 | Construir | Farm |
| 13:41 | Construir | Palisade Wall |
| 13:45 | Construir | Farm |
| 13:48 | Construir | Palisade Wall |
| 13:50 | Construir | House |
| 13:53 | Construir | Palisade Wall |
| 13:56 | Construir | House |
| 13:59 | Crear | Villager (Male) |
| 14:03 | Crear | Villager (Male) |
| 14:15 | Investigar | Horse Collar |
| 14:22 | Crear | Skirmisher |
| 14:26 | Construir | Palisade Wall |
| 14:26 | Crear | Villager (Male) |
| 14:29 | Construir | Palisade Wall |
| 14:35 | Construir | House |
| 14:43 | Construir | Farm |
| 14:52 | Construir | House |
| 14:52 | Crear | Villager (Male) |
| 15:04 | Crear | Villager (Male) |
| 15:11 | Construir | Farm |
| 15:16 | Crear | Villager (Male) |
| 15:18 | Crear | Villager (Male) |
| 15:23 | Construir | Farm |
| 15:26 | Crear | Villager (Male) |
| 15:40 | Construir | Palisade Wall |
| 15:41 | Crear | Villager (Male) |
| 15:43 | Crear | Villager (Male) |
| 15:45 | Crear | Villager (Male) |
| 15:51 | Construir | Mining Camp |
| 15:56 | Crear | Villager (Male) |
| 16:02 | Crear | Villager (Male) |
| 16:06 | Crear | Villager (Male) |
| 16:15 | Crear | Villager (Male) |
| 16:19 | Construir | Farm |
| 16:20 | Crear | Villager (Male) |
| 16:23 | Crear | Skirmisher |
| 16:26 | Crear | Villager (Male) |
| 16:44 | Crear | Villager (Male) |
| 16:49 | Crear | Archer |
| 16:58 | Construir | Farm |
| 17:12 | Construir | Farm |
| 17:24 | Crear | Scout Cavalry |
| 17:27 | Crear | Villager (Male) |
| 17:34 | Crear | Scout Cavalry |
| 17:42 | Crear | Skirmisher |
| 17:45 | Investigar | Wheelbarrow |
| 17:56 | Crear | Scout Cavalry |
| 18:10 | Crear | Villager (Male) |
| 18:12 | Crear | Skirmisher |
| 18:39 | Crear | Skirmisher |
| 18:40 | Crear | Villager (Male) |
| 18:40 | Crear | Scout Cavalry |
| 19:00 | Crear | Skirmisher |
| 19:14 | Crear | Scout Cavalry |
| 19:34 | Crear | Scout Cavalry |
| 19:45 | Construir | Farm |
| 19:51 | Construir | Palisade Wall |
| 19:54 | Crear | Villager (Male) |
| 19:56 | Construir | Archery Range |
| 20:15 | Crear | Skirmisher |
| 20:16 | Crear | Villager (Male) |
| 20:40 | Crear | Skirmisher |
| 21:10 | Crear | Scout Cavalry |
| 21:39 | Crear | Skirmisher |
| 21:40 | Crear | Archer |
| 22:02 | Investigar | Castle Age |
| 22:25 | Construir | House |
| 22:28 | Construir | House |
| 22:35 | Construir | Archery Range |
| 22:39 | Construir | House |
| 22:42 | Construir | Lumber Camp |
| 22:49 | Construir | Blacksmith |
| 22:59 | Construir | Palisade Gate |
| 23:00 | Construir | Palisade Wall |
| 23:22 | Construir | Palisade Wall |
| 23:27 | Construir | Palisade Wall |
| 23:36 | Investigar | Fletching |
Cronología de la partida
| 5:08 | Lorenz · first_building Barracks |
| 7:15 | LucasTrotacielos · first_building Barracks |
| 8:08 | LucasTrotacielos · age_up feudal |
| 8:10 | LucasTrotacielos · first_building Stable |
| 8:31 | LucasTrotacielos · wall_segment Palisade Wall x2 |
| 9:09 | LucasTrotacielos · wall_segment Palisade Wall x3 |
| 9:22 | Lorenz · wall_segment Palisade Wall x7 |
| 9:24 | Lorenz · wall_segment Palisade Wall x4 |
| 9:31 | LucasTrotacielos · wall_segment Palisade Wall x3 |
| 9:49 | LucasTrotacielos · wall_segment Palisade Wall x2 |
| 9:59 | LucasTrotacielos · wall_segment Palisade Wall x3 |
| 10:02 | Lorenz · wall_segment Palisade Wall x8 |
| 10:04 | LucasTrotacielos · wall_segment Palisade Wall x3 |
| 10:11 | Lorenz · wall_segment Palisade Wall x1 |
| 10:14 | Lorenz · wall_segment Palisade Wall x12 |
| 10:28 | LucasTrotacielos · wall_segment Palisade Wall x3 |
| 10:29 | Lorenz · wall_segment Palisade Wall x12 |
| 10:41 | Lorenz · wall_segment Palisade Wall x5 |
| 10:51 | LucasTrotacielos · wall_segment Palisade Wall x5 |
| 11:00 | Lorenz · age_up feudal |
| 11:02 | LucasTrotacielos · wall_segment Palisade Wall x1 |
| 11:27 | Lorenz · wall_segment Palisade Wall x3 |
| 11:32 | LucasTrotacielos · first_building Archery Range |
| 11:42 | Lorenz · wall_segment Palisade Wall x1 |
| 11:43 | LucasTrotacielos · wall_segment Palisade Wall x9 |
| 11:51 | Lorenz · wall_segment Palisade Wall x1 |
| 11:58 | Lorenz · wall_segment Palisade Wall x2 |
| 12:02 | Lorenz · wall_segment Palisade Wall x1 |
| 13:41 | LucasTrotacielos · wall_segment Palisade Wall x5 |
| 13:48 | LucasTrotacielos · wall_segment Palisade Wall x1 |
| 13:53 | LucasTrotacielos · wall_segment Palisade Wall x1 |
| 14:01 | Lorenz · first_building Archery Range |
| 14:26 | LucasTrotacielos · wall_segment Palisade Wall x1 |
| 14:29 | LucasTrotacielos · wall_segment Palisade Wall x2 |
| 15:40 | LucasTrotacielos · wall_segment Palisade Wall x1 |
| 19:51 | LucasTrotacielos · wall_segment Palisade Wall x2 |
| 20:27 | Lorenz · wall_segment Palisade Wall x1 |
| 23:00 | LucasTrotacielos · wall_segment Palisade Wall x1 |
| 23:22 | LucasTrotacielos · wall_segment Palisade Wall x1 |
| 23:27 | LucasTrotacielos · wall_segment Palisade Wall x1 |
| 24:06 | LucasTrotacielos · wall_segment Palisade Wall x1 |
| 24:29 | Lorenz · age_up castle |
| 24:42 | LucasTrotacielos · age_up castle |
| 25:20 | LucasTrotacielos · wall_segment Stone Wall x1 |
| 25:22 | LucasTrotacielos · wall_segment Stone Wall x1 |
| 25:29 | LucasTrotacielos · wall_segment Stone Wall x1 |
| 25:41 | Lorenz · first_building Siege Workshop |
| 25:59 | LucasTrotacielos · wall_segment Stone Wall x1 |
| 26:32 | Lorenz · first_building Monastery |
| 26:35 | LucasTrotacielos · wall_segment Stone Wall x1 |
| 26:49 | LucasTrotacielos · wall_segment Stone Wall x1 |
| 27:41 | LucasTrotacielos · wall_segment Stone Wall x1 |
| 27:58 | LucasTrotacielos · first_building Siege Workshop |
| 28:10 | LucasTrotacielos · wall_segment Stone Wall x1 |
| 28:34 | LucasTrotacielos · wall_segment Stone Wall x2 |
| 32:42 | Lorenz · first_building Castle |
| 33:33 | Lorenz · first_market_buy 100 stone |
| 34:15 | Lorenz · first_market_sell 100 wood |
| 35:03 | LucasTrotacielos · wall_segment Stone Wall x1 |
| 35:56 | LucasTrotacielos · first_market_buy 100 wood |
| 37:25 | Lorenz · first_building Stable |
| 39:46 | Lorenz · age_up imperial |
| 41:22 | LucasTrotacielos · first_market_sell 100 food |
| 41:40 | LucasTrotacielos · first_building Castle |
| 41:59 | LucasTrotacielos · age_up imperial |
| 45:48 | LucasTrotacielos · resign |
[ ANÁLISIS IA · 1 CRÉDITO ]
¿Qué pasó realmente en esta partida?
Wolo.gg analiza cada decisión: build order, eco, micro, errores típicos por bracket. Análisis personalizado por WhatsApp o Discord en 30 segundos.
Guía civ
Eslavos
Perfil
Lorenz